 Dungeon Crawl Stone Soup version 0.17-a0-1635-gd4e48f1 (webtiles) character file.

39 urechis the Scratcher (level 3, 16/16 HPs)
             Began as a Felid Transmuter on Aug 4, 2015.
             Quit the game on level 3 of the Dungeon.
             The game lasted 00:06:37 (3529 turns).

urechis the Scratcher (Felid Transmuter)            Turns: 3529, Time: 00:06:37

Health: 16/16      AC:  1    Str:  6    XL:     3   Next: 28%
Magic:  7/7        EV: 18    Int: 14    God:
Gold:   128        SH:  0    Dex: 17    Spells: 2 memorised, 3 levels left
                                        Lives:  0   Deaths: 1

rFire  . . .     SeeInvis +       - Unarmed
rCold  . . .     Clarity  .     (armour unavailable)
rNeg   . . .     SustAt   .     (shield unavailable)
rPois  .         Gourm    .     (helmet unavailable)
rElec  .         Spirit   .     (cloak unavailable)
rCorr  .         Warding  .     (gloves unavailable)
rMut   .         Stasis   .     (boots unavailable)
MR     .....                    (no amulet)
Stlth  ++........               (no ring)
                                (no ring)

@: quick, not resistant to hostile enchantments, unstealthy
A: no armour, no weapons or thrown items, claws 1, fangs 3, see invisible,
carnivore 3, speed 1, shaggy fur 1, slow metabolism 1, sharp paws
a: no special abilities


You were on level 3 of the Dungeon.
You were not hungry.

You visited 1 branch of the dungeon, and saw 4 of its levels.

You collected 128 gold pieces.

Inventory:

Missiles
 a - 36 arrows
Jewellery
 l - an uncursed ring of see invisible {unknown}
Scrolls
 d - 3 scrolls of teleportation {unknown}
 f - a scroll of blinking {unknown}
 g - 2 scrolls of remove curse {unknown}
 h - 3 scrolls of identify {unknown}
 j - a scroll of noise {unknown}
 m - a scroll of random uselessness {unknown}
Potions
 e - a potion of ambrosia {unknown}
 i - 2 potions of agility {unknown}
Books
 b - a book of Changes

   Spells                             Type                      Level
   a - Beastly Appendage              Transmutation                1
   b - Sticks to Snakes               Transmutation                2
   c - Spider Form                    Transmutation/Poison         3
   d - Ice Form                       Ice/Transmutation            4
   e - Blade Hands                    Transmutation                5
Comestibles
 c - 2 meat rations


   Skills:
 + Level 2.0 Fighting
 - Level 2.6 Dodging
 * Level 4.2 Unarmed Combat
 - Level 2.0 Spellcasting
 + Level 3.1 Transmutations


You had 3 spell levels left.
You knew the following spells:

 Your Spells              Type           Power        Failure   Level  Hunger
a - Beastly Appendage     Trmt           ##....       10%         1    ##.....
b - Sticks to Snakes      Trmt           ##........   12%         2    ###....


Dungeon Overview and Level Annotations

Branches:
Dungeon (4/15)
 Temple: D:4-7

Altars:
Gozag


Innate Abilities, Weirdness & Mutations

You cannot wear armour.
You are incapable of wielding weapons or throwing items.
You have sharp claws.
You have razor-sharp teeth.
You have supernaturally acute eyesight.
You are carnivorous and can eat meat at any time.
You cover ground quickly.
You are covered in fur (AC +1).
You have a slow metabolism.
Your sharp claws are effective at attacking unaware monsters.


Message History

Pain shoots through your body!
Ouch! That really hurt!
* * * LOW HITPOINT WARNING * * *
You are too injured to fight recklessly!
The orc shouts!
You scratch the orc priest but do no damage.
The orc priest is heavily wounded.
You scratch the orc.
The orc is moderately wounded.
You barely miss the orc. Your headbutt misses the orc.
The orc is moderately wounded.
The orc hits you with a short sword.
You die...
Your shape twists and changes as you die.
You are now level 3!
Your horns disappear.
You rejoin the land of the living...
Found a dagger.
Unknown command.
Are you sure you want to abandon this character and quit the game? (Confirm with "yes".)

.....#.†....#####.#####
##......###...##...#####
............#.#........######
...................###......#
..........#####....# ######.#
......###..# #....# #)#
.....# ##...###..## #†# .....
).......#.### ###o### .###.
...[...@....#####.oo..#
......................#
........###....o#.....#
######### #.....#######
###o..# #..o# #...# #.oo#
#.o.#


There were no monsters in sight!

Vanquished Creatures
  An adder (D:3)
  An ooze (D:1)
  2 adder skeletons (D:4)
  2 giant geckos
  5 orcs (D:3)
  A ball python (D:1)
  7 bats
  3 goblins
  3 hobgoblins
  5 kobolds
  2 quokkas
  A ball python skeleton (D:4)
  5 giant cockroaches
  11 giant newts
  7 jackals (D:1)
  7 rats
63 creatures vanquished.

Notes
Turn   | Place    | Note
--------------------------------------------------------------
     0 | D:1      | urechis the Felid Transmuter began the quest for the Orb.
     0 | D:1      | Reached XP level 1. HP: 9/9 MP: 4/4
   285 | D:1      | Reached XP level 2. HP: 4/12 MP: 4/6
  1120 | D:1      | Reached XP level 3. HP: 15/15 MP: 7/7
  2235 | D:2      | Found an opulent altar of Gozag.
  2293 | D:2      | Reached skill level 4 in Unarmed Combat
  2310 | D:2      | Learned a level 2 spell: Sticks to Snakes
  2749 | D:3      | Reached XP level 4. HP: 5/19 MP: 6/8
  3027 | D:3      | You fall through a shaft!
  3528 | D:3      | Slain by an orc
  3529 | D:3      | Reached XP level 3. HP: -1/16 MP: 7/7
  3529 | D:3      | Quit the game

Vault maps used:
D:1:      matt_arrival_grand_opening, interstate_on_off,
          hangedman_decor_growths, minmay_lizard_king
D:2:      grunt_gozag_statues
D:4:      first_bread, uniq_duvessa

Action                   |  1- 3 |  4- 6 || total
-------------------------+-------+-------++-------
Melee: Unarmed           |   123 |    45 ||   168
 Cast: Beastly Appendage |    15 |     6 ||    21
       Sticks to Snakes  |     1 |       ||     1
 Stab: Sleeping          |     7 |       ||     7
  Eat: Chunk             |     8 |     3 ||    11
